 Dungeon Crawl Stone Soup version 0.28.0 (webtiles) character file.

Game seed: 9867941868967258194

11 cbfl8 the Sneak (level 2, -6/27 HPs)
             Began as a Minotaur Delver on Feb 10, 2022.
             Mangled by a gnoll (13 damage)
             ... on level 5 of the Dungeon.
             The game lasted 00:01:17 (555 turns).

cbfl8 the Sneak (Minotaur Delver)                    Turns: 555, Time: 00:01:18

Health: -6/27      AC:  3    Str: 16    XL:     2   Next: 13%
Magic:  0/1        EV: 11    Int:  7    God:
Gold:   0          SH:  0    Dex: 11    Spells: 1/1 levels left

rFire   . . .      SeeInvis .   a - +0 hand axe
rCold   . . .      Faith    .   (no shield)
rNeg    . . .      Spirit   +   b - +0 leather armour
rPois   .          Reflect  .   (helmet restricted)
rElec   .          Harm     .   (no cloak)
rCorr   .          Rampage  .   (no gloves)
Will    .....                   (no boots)
Stlth   ++........              h - amulet of guardian spirit
HPRegen 0.09/turn               (no ring)
MPRegen 0.07/turn               (no ring)

@: no status effects
A: horns 2, retaliatory headbutt
a: no special abilities


You were on level 5 of the Dungeon.
You visited 1 branch of the dungeon, and saw 2 of its levels.

Inventory:

Hand Weapons
 a - a +0 hand axe (weapon)
Armour
 b - a +0 leather armour (worn)
Jewellery
 h - an amulet of guardian spirit (around neck)
Wands
 g - a wand of digging (3)
Scrolls
 c - a scroll of fog
 e - a scroll of fear


   Skills:
 + Level 3.7 Fighting
 + Level 2.4 Axes
 + Level 0.1 Armour
 + Level 2.2 Dodging
 + Level 4.4 Stealth


You had one spell level left.
You didn't know any spells.
Your spell library was empty.

Dungeon Overview and Level Annotations

Branches:
Dungeon (5/15)
 Temple: D:4-7

Altars:

Shops:
D:5 (


Innate Abilities, Weirdness & Mutations

You have a pair of horns on your head.
You reflexively headbutt those who attack you in melee.


Message History

The gnoll hits you from afar with a +0 halberd!
You climb upwards.
You hear the sound of rushing water.
There is an entrance to a sewer on this level.
Hurry and find it before the portal rusts away!
Found 8 gold pieces and the Incunabulum of Translocation and Confrontation.
Found a stone staircase leading down.
There is a stone staircase leading down here.
As you read the scroll of magic mapping, it crumbles to dust.
You feel aware of your surroundings.
You sensed 1 shop/portal.
The steam dragon hisses angrily.
Found 23 arrows.
There is a stone staircase leading down here.
You climb downwards.
There is a stone staircase leading up here.
Found 16 stones.
You see here 16 stones.
Found a stone staircase leading down.
You start resting.
Your extra speed is starting to run out.
You start resting.
Magic restored.
You start resting.
You feel yourself slow down.
You start resting.
HP restored.
There is a stone staircase leading down here.
The gnoll shouts!
You hear a shout!
The gnoll sergeant barely misses you. The gnoll sergeant barely misses you.
The gnoll sergeant hits you from afar with a +0 trident!
The gnoll sergeant hits you from afar with a +0 trident!
The gnoll sergeant misses you. The gnoll barely misses you.
The gnoll hits you from afar with a +0 spear.
* * * LOW HITPOINT WARNING * * *
The gnoll hits you but does no damage. The gnoll misses you.
The gnoll barely misses you.
You barely miss the gnoll. The gnoll hits you with a +0 halberd!
You die...

#.###...#.#.# #..<
##.###...#.#.# ####
#..........#..
######...#.######
#...........
#########.g..#####.
#.......g..........
##g#########.#####.
#@# #...g.# #.#
#.##### #.# #g#
##### #g# #.# #...
#g# #.#####.####
#.# #...g......#
#.# #######.##.#
#.# #......#.# #.#
#........#


You could see a gnoll sergeant and 2 gnolls.

Vanquished Creatures
  A shadow imp (D:5)
  A worm (D:5)
2 creatures vanquished.

Notes
Turn   | Place    | Note
-------+----------+-------------------------------------------
     0 | D:5      | cbfl8 the Minotaur Delver began the quest for the Orb.
     0 | D:5      | Reached XP level 1. HP: 19/19 MP: 0/0
    72 | D:5      | Found Vicwoass's Antique Weapon Boutique.
   182 | D:5      | Noticed an ice beast
   214 | D:5      | Reached XP level 2. HP: 18/27 MP: 1/1
   214 | D:5      | Noticed a gnoll sergeant
   250 | D:4      | Noticed a steam dragon
   555 | D:5      | Mangled by a gnoll

Illustrated notes

Levels and vault maps discovered:
D:4:      layout_loops_ring, portal_sewer_entry_a, minmay_ogre_servants
D:5:      layout_basic, serial_shops, kennysheep_mini_moat, uniq_edmund,
          uniq_pikel, uniq_blork_the_orc, uniq_sigmund

Action                   || total
-------------------------++-------
Melee: Hand axe          ||     8
       Headbutt          ||     2
  Use: Scroll            ||     1
       Potion            ||     1
Armor: Leather armour    ||     2
Dodge: Dodged            ||     8
